Map: Dusk Towers

Players

Airlock - Winner!

  • Race: Terran Terran
  • League: Platinum

jhun

  • Race: Zerg Zerg
  • League: Platinum

VOD

Have the link to the VOD?

Description

Time

  • Played on: April 17, 2016, 2:32 p.m.
  • Length: 23:32
Show
View Real Time Build Order
Export as new Build Order

Airlock Terran - Winner!

Build Orders: MMM Bio 

Get SALT Encoding   

  12  0:00  SCV  
  13  0:13  SCV  
  14  0:18  Supply Depot  
  14  0:25  SCV  
  15  0:39  SCV  
  15  0:41  Barracks  
  16  0:51  SCV  
  17  1:01  Supply Depot  
  17  1:03  SCV  
  18  1:15  SCV  
  19  1:28  SCV  
  19  1:31  Command Center  
  20  1:33  Marine  
  21  1:43  SCV  
  21  1:45  Refinery  
  22  1:48  Refinery  
  22  1:53  Marine  
  23  1:58  Orbital Command  
  23  2:11  Marine  
  24  2:21  Barracks  
  24  2:26  SCV  
  24  2:28  Marine  
  26  2:38  SCV, Factory  
  26  2:42  Orbital Command  
  27  2:46  Marine  
  28  2:52  SCV  
  29  3:04  SCV, Marine  
  31  3:09  Barracks  
  31  3:11  Barracks Tech Lab  
  31  3:35  SCV x2  
  31  3:40  Command Center  
  33  3:47  SCV, Starport  
  34  3:50  Siege Tank  
  37  3:57  SCV  
  37  4:00  Barracks Reactor, Barracks Tech Lab  
  37  4:01  Barracks Reactor  
  38  4:03  SCV  
  39  4:13  SCV  
  40  4:18  SCV  
  40  4:19  Engineering Bay  
  40  4:22  Engineering Bay  
  41  4:31  SCV x2  
  42  4:32  Starport Reactor  
  42  4:36  Stimpack  
  42  4:38  Marine x2  
  45  4:39  Marine  
  46  4:51  Marine  
  46  4:52  SCV, Siege Tank  
  53  4:53  Marauder  
  53  4:56  Refinery  
  53  4:57  Refinery, SCV  
  54  5:03  Planetary Fortress  
  54  5:04  SCV  
  55  5:08  Marine x2  
  55  5:09  SCV  
  58  5:19  SCV  
  59  5:21  SCV  
  60  5:31  SCV  
  61  5:37  Supply Depot  
  61  5:38  Supply Depot  
  61  5:39  Siege Tank  
  61  5:42  SCV, Supply Depot  
  65  5:43  SCV x2  
  67  5:54  SCV  
  67  5:55  SCV  
  69  5:58  Marine x4  
  69  5:59  SCV, Medivac  
  69  6:02  Terran Infantry Weapons Level 1  
  69  6:03  Terran Infantry Armor Level 1  
  76  6:08  Factory  
  76  6:09  SCV  
  76  6:11  SCV  
  78  6:12  SCV  
  79  6:23  SCV  
  80  6:32  Marine x2  
  80  6:35  Siege Tank  
  83  6:43  Bunker  
  83  6:44  Bunker  
  83  6:46  SCV x2  
  85  6:47  SCV  
  85  6:52  Bunker  
  86  6:58  SCV x2  
  86  6:59  SCV  
  89  7:07  Siege Tank  
  92  7:18  Marine, Supply Depot  
  92  7:20  Supply Depot x2  
  93  7:26  Supply Depot  
  93  7:30  Barracks x3  
  93  7:32  Factory Reactor  
  93  7:34  Armory  
  93  7:39  Marine x2  
  93  7:40  Marauder, Medivac x2, Missile Turret  
  93  7:41  Marine, Missile Turret, Siege Tank  
  105  7:45  Missile Turret  
  105  7:46  Missile Turret  
  105  7:48  Missile Turret  
  105  7:56  Marine  
  105  7:57  Marine x2  
  108  8:01  Marauder, Marine  
  108  8:03  SCV x2  
  113  8:05  Refinery  
  113  8:07  SCV, Refinery  
  113  8:10  Widow Mine  
  113  8:11  Widow Mine  
  118  8:13  Marine  
  118  8:15  Marine x2  
  121  8:23  Marauder  
  123  8:29  Barracks Reactor, Barracks Tech Lab x2  
  123  8:30  Terran Infantry Weapons Level 2  
  123  8:31  Terran Infantry Armor Level 2  
  123  8:37  Supply Depot  
  123  8:39  Supply Depot  
  123  8:49  Marine x2  
  123  8:50  Combat Shields  
  123  8:52  Concussive Shells  
  125  8:58  Marauder x3, Marine x2  
  125  9:00  Medivac x2, Widow Mine x2  
  141  9:55  Command Center  
  141  10:01  Supply Depot  
  141  10:02  Supply Depot  
  141  10:03  Supply Depot  
  141  10:04  Marauder x2, SCV x2  
  141  10:07  Supply Depot  
  141  10:08  SCV, Marine x5  
  141  10:09  Marauder  
  141  10:12  Marine  
  141  10:16  SCV  
  141  10:22  Thor  
  141  10:23  SCV x2  
  141  10:25  Marauder x2  
  141  10:26  Marine x5  
  141  10:28  Supply Depot  
  158  10:30  Marauder, Marine  
  158  10:32  Supply Depot  
  158  10:34  Supply Depot  
  158  10:35  SCV  
  159  10:44  Marine x4  
  159  10:46  Marauder x2  
  167  10:51  Marauder  
  167  10:53  Marine x2  
  167  10:56  Widow Mine  
  167  10:57  Widow Mine  
  171  11:02  Marine x3  
  178  11:08  Marauder x2  
  182  11:11  Missile Turret  
  182  11:17  Missile Turret  
  182  11:25  Barracks  
  182  11:26  Barracks  
  182  11:29  Barracks  
  182  11:32  Missile Turret  
  182  11:35  Missile Turret  
  185  12:03  SCV x3  
  185  12:15  SCV  
  186  12:17  Barracks Tech Lab x3  
  186  12:19  Terran Infantry Weapons Level 3  
  186  12:20  Terran Infantry Armor Level 3  
  186  12:21  Marauder x3, Marine x2  
  186  12:22  Marine x4  
  198  12:23  Planetary Fortress  
  198  12:27  Missile Turret  
  198  12:29  Missile Turret  
  198  12:31  Terran Vehicle Weapons Level 1  
  198  12:39  Marine x2  
  200  13:00  Sensor Tower  
  200  13:29  Sensor Tower  
  200  14:06  Command Center  
  186  14:42  Marauder x2, Marine x3  
  186  14:43  Marauder x3, Marine  
  192  14:54  Marauder, Marine x2  
  196  15:00  Marine x3  
  196  15:02  Starport  
  196  15:03  Marauder  
  196  15:04  Starport  
  196  15:05  Starport  
  158  15:18  Marine x4  
  158  15:19  Marauder  
  158  15:21  Liberator x2, Marine x4  
  127  15:22  Liberator x2, Marauder x2  
  127  15:23  Liberator  
  127  15:24  Marine  
  101  15:36  Marine x4  
  101  15:39  Marine x4  
  101  15:40  Marine  
  101  15:42  Marauder  
  123  15:43  Marauder, Marine  
  114  15:57  Marauder, Marine  
  114  15:58  Marauder x2, Marine x3  
  114  15:59  Marine x2  
  114  16:01  Marauder  
  114  16:04  Liberator x3, Marauder x2  
  128  16:05  Liberator  
  128  16:06  Liberator  
  123  16:15  Marine  
  123  16:16  Marine x4  
  123  16:17  Marine  
  129  16:19  Marauder x2  
  129  16:20  Marauder  
  129  16:22  Marauder  
  129  16:25  Marauder, Marine  
  151  16:33  Marine  
  145  16:40  Marauder  
  145  16:41  Marauder  
  145  16:47  Liberator x2  
  160  17:09  Orbital Command  
  160  17:14  Starport Reactor x3  
  151  17:19  Marauder x3  
  151  17:20  Marauder x3, Marine  
  151  17:21  Marine x5  
  169  17:38  Marine x3  
  169  17:39  Marine  
  169  17:40  Liberator x7, Marauder x2  
  169  17:41  Marauder x4  
  194  18:02  Marauder x3  
  194  18:04  Command Center  
  170  18:23  Medivac  
  172  18:40  Medivac x5  
  182  18:43  Marauder x3  
  182  18:44  Marine  
  183  19:27  Medivac x5  
  183  19:28  Medivac x3  
  183  19:29  Marine  
  157  20:06  Marine  
  126  20:07  Marauder x2, Marine x3  
  126  20:08  Marauder x2, Marine x3  
  126  20:09  Marauder  
  124  20:24  Marine  
  124  20:25  Marine x2  
  124  20:26  Marauder  
  129  20:28  Marauder  
  129  20:31  Marine  
  129  20:32  Marauder x3, Marine x3  
  138  20:36  Liberator x2  
  138  20:37  Liberator x2  
  138  20:42  Marine  
  139  20:43  Marine x2  
  139  20:48  Marauder  
  139  20:49  Marine  
  135  20:59  Planetary Fortress  
  135  21:16  Marauder x3, Marine x3  
  135  21:17  Marauder, Marine x2  
  135  21:18  Marine  
  149  21:19  Marine  
  150  21:36  Marauder  
  150  21:37  Marauder  
  154  21:42  Command Center  
  154  21:45  Marauder, Marine x4  
  154  21:46  Marine  
  161  21:56  Refinery x2  
  161  22:05  Orbital Command  
  161  22:26  Marauder x2, Marine x5  
  161  22:27  Marauder x2, Marine x2  
  161  22:28  Marauder  
  178  22:44  Marine x2  
  178  22:45  Marauder  
Show
View Real Time Build Order
Export as new Build Order

jhun Zerg 

Build Orders: Hatch First 

Get SALT Encoding   

  12  0:03  Drone  
  13  0:11  Drone  
  14  0:41  Hatchery  
  13  0:44  Drone  
  14  0:55  Spawning Pool  
  13  0:58  Drone  
  14  1:11  Extractor  
  14  1:12  Extractor  
  14  1:13  Drone x2  
  15  1:18  Overlord  
  15  1:37  Drone x2  
  17  1:42  Queen  
  19  1:53  Drone  
  20  1:54  Queen  
  20  1:57  Drone  
  23  2:03  Drone  
  25  2:08  Drone  
  25  2:11  Zergling x2  
  26  2:19  Drone  
  27  2:24  Drone  
  28  2:37  Metabolic Boost  
  28  2:40  Overlord  
  28  2:43  Overlord  
  28  2:50  Evolution Chamber  
  27  2:52  Drone  
  28  3:01  Drone x4  
  32  3:07  Drone x3  
  32  3:08  Drone x2  
  36  3:23  Baneling Nest  
  35  3:31  Overlord  
  35  3:40  Extractor, Drone x3, Zergling x2  
  38  3:45  Zerg Ground Armor Level 1  
  38  3:47  Drone, Zergling x4  
  38  3:48  Zergling x6  
  44  3:58  Zergling x8  
  48  4:12  Zergling x2  
  49  4:17  Spore Crawler  
  49  4:19  Drone x3  
  49  4:20  Zergling x2  
  49  4:23  Extractor  
  51  4:25  Extractor  
  51  4:26  Lair  
  51  4:31  Spore Crawler  
  48  5:00  Drone x3  
  48  5:01  Overlord  
  48  5:02  Overlord x2  
  48  5:07  Overlord  
  51  5:13  Hatchery  
  50  5:31  Drone x3  
  50  5:32  Hydralisk Den  
  52  5:36  Centrifical Hooks  
  52  5:42  Zerg Missile Weapons Level 1  
  52  5:43  Drone x4  
  56  5:52  Baneling x8  
  56  5:53  Baneling x7  
  56  5:54  Baneling x4  
  56  5:58  Zergling x6  
  59  6:07  Lurker Den  
  59  6:18  Overseer  
  59  6:34  Hydralisk x3  
  59  6:35  Hydralisk x2  
  69  6:51  Queen  
  69  6:52  Drone x3  
  74  7:02  Hydralisk x4  
  82  7:09  Evolution Chamber  
  82  7:11  Hatchery  
  82  7:14  Drone x2  
  82  7:20  Spire  
  82  7:22  Hydralisk x2  
  83  7:26  Drone  
  86  7:41  Lurker  
  86  7:42  Lurker  
  88  7:45  Drone  
  88  7:49  Extractor  
  88  7:51  Pneumatized Carapace  
  88  7:52  Extractor  
  88  7:53  Drone  
  88  8:01  Drone  
  88  8:02  Drone  
  88  8:03  Overlord x2  
  90  8:27  Infestation Pit  
  90  8:28  Hydralisk x6  
  90  8:30  Overlord x2  
  101  8:38  Drone x5  
  106  8:46  Drone, Queen  
  106  8:47  Drone x2  
  111  8:51  Drone, Hydralisk x3  
  111  8:52  Drone, Hydralisk  
  121  9:14  Nydus Network  
  121  9:15  Drone  
  121  9:16  Drone  
  122  9:19  Extractor  
  122  9:22  Extractor, Hive  
  122  9:24  Corruptor x3  
  120  9:25  Zergling x2  
  127  9:42  Overlord  
  127  9:43  Overlord x2  
  127  10:01  Nydus Canal  
  123  10:35  Greater Spire  
  122  10:38  Corruptor x5  
  132  10:55  Spine Crawler  
  131  10:57  Spine Crawler  
  131  11:00  Spore Crawler  
  131  11:02  Drone x3  
  131  11:03  Queen  
  134  11:07  Corruptor x5  
  134  11:08  Zerg Ground Armor Level 2  
  134  11:10  Zerg Missile Weapons Level 2  
  144  11:19  Hydralisk x3  
  144  11:20  Overlord  
  150  11:38  Queen  
  152  11:47  Brood Lord  
  152  11:48  Brood Lord x2  
  152  11:50  Overlord x2  
  152  11:51  Overlord  
  158  12:15  Brood Lord x6  
  170  12:27  Hatchery  
  169  12:44  Brood Lord x4  
  177  12:56  Drone x5  
  182  13:03  Zerg Flyer Armor Level 1  
  182  13:09  Overseer x4  
  182  13:10  Overseer  
  182  13:57  Corruptor x2  
  182  13:58  Corruptor  
  148  15:28  Brood Lord x2  
  147  15:29  Brood Lord  
  147  15:31  Hydralisk x4  
  147  15:32  Hydralisk x6  
  147  15:33  Mutalisk x4  
  175  16:06  Hydralisk x2  
  175  16:07  Hydralisk  
  175  16:09  Overlord x2  
  171  16:52  Corruptor x4  
  171  16:53  Corruptor x7  
  171  16:54  Corruptor x2  
  197  17:12  Extractor  
  197  17:13  Extractor  
  197  17:14  Zerg Flyer Armor Level 2  
  195  17:18  Zerg Ground Armor Level 3  
  195  17:19  Zerg Missile Weapons Level 3  
  195  17:40  Hatchery  
  121  18:05  Hydralisk x2  
  121  18:06  Hydralisk x8  
  121  18:07  Hydralisk x7  
  143  18:19  Hydralisk x3  
  105  18:32  Lurker  
  105  18:33  Lurker x7  
  105  18:34  Lurker x3  
  116  18:39  Zergling x12  
  116  18:40  Zergling x14  
  116  18:41  Zergling x12  
  128  19:26  Baneling x4  
  128  19:27  Baneling x7  
  128  19:28  Baneling x8  
  128  19:29  Baneling x3  
  128  19:30  Corruptor x2, Zerg Flyer Weapons Level 1  
  76  20:04  Hydralisk x2  
  67  20:07  Hydralisk x2  
  67  20:08  Hydralisk x8  
  67  20:09  Hydralisk x2  
  67  20:13  Hydralisk x2  
  93  20:18  Zergling x4  
  93  20:19  Zergling x14  
  93  20:20  Zergling x4  
  83  20:54  Hydralisk x3  
  89  21:04  Hydralisk x4  
  89  21:05  Hydralisk x2  
  101  21:11  Hatchery  
  99  21:44  Hatchery  
  98  21:53  Extractor  
  97  22:02  Lurker x3  
  97  22:03  Lurker  
  97  22:06  Overlord x3  
  101  22:09  Overseer  
  101  22:23  Extractor  
  101  22:25  Extractor  
  92  22:36  Baneling  
  88  22:37  Baneling x6  
  89  22:49  Hydralisk  
Tags
 
Add a new tag
Caveats
  • Supply blocks, unpowered buildings, or Contaminate may cause inaccurate times.
  • Supply counts are checked every 10 seconds.